 Dungeon Sprint DCSS version bcrawl-1.27.1d (webtiles) character file.

Game seed: 2792396899906803029

1200000 Freyura the Conqueror (level 16, -22/167 HPs)
             Began as a Demonspawn Abyssal Knight on July 26, 2020.
             Was a Priest of Lugonu.
             Annihilated by a meat berserker
             ... wielding a +9 battleaxe
              (31 damage)
             ... in the Dungeon (Sprint VIII: "Arena of Blood").
             The game lasted 00:01:55 (12 turns).

Freyura the Conqueror (Demonspawn Abyssal Knight)     Turns: 12, Time: 00:01:56

Health: -22/167    AC:  9    Str: 13    XL:     16   Next: 28%
Magic:  3/32       EV: 16    Int: 16    God:    Lugonu [***...]
Gold:   0          SH:  0    Dex: 17    Spells: 15/15 levels left

rFire    + . .     SeeInvis .   l - +∞ Axe of Woe
rCold    . . .     Gourm    .   (shield currently unavailable)
rNeg     . . .     Faith    .   b - +0 leather armour
rPois    .         Spirit   .   (no helmet)
rElec    .         Reflect  .   (no cloak)
rCorr    .         Harm     .   (no gloves)
MR       +....     NoTele   +   (boots unavailable)
Stlth    +.........             (no amulet)
HPRegen  0.37/turn              m - +30 ring of slaying
MPRegen  0.23/turn              n - +30 ring of slaying

@: no status effects
A: talons 3, molten scales 3, foul stench 2, rot immunity
a: Bend Space, Banish, Renounce Religion


You were in the Dungeon.
You worshipped Lugonu.
Lugonu was most pleased with you.
You were not hungry.

You visited 1 branch

Inventory:

Hand Weapons
 a - a +1 hand axe
 l - the +∞ Axe of Woe (weapon)
   (You found it in the Dungeon)
Missiles
 c - 10 tomahawks of dispersal {=f}
 d - 40 stones (quivered)
Armour
 b - a +0 leather armour (worn)
Jewellery
 m - a +30 ring of slaying (left hand)
 n - a +30 ring of slaying (right hand)
Scrolls
 k - a scroll of blinking
Potions
 f - a potion of curing
 g - a potion of heal wounds
 h - a potion of haste
 i - 2 potions of magic
 j - a potion of berserk rage
Comestibles
 e - a ration {!d}


   Skills:
 O Level 27 Fighting
 + Level 22.8 Axes
 + Level 8.1 Throwing
 + Level 18.7 Armour
 + Level 7.2 Dodging
 + Level 24.1 Invocations


You had 15 spell levels left.
You didn't know any spells.
Your spell library was empty.

Dungeon Overview and Level Annotations

Branches:
Dungeon (1/1)

Altars:
Makhleb


Innate Abilities, Weirdness & Mutations

You have claws for feet.
You are completely covered in molten scales. (AC +4, rF+)
You frequently emit foul miasma when damaged in melee.
You are immune to rotting.


Message History

Lugonu is aiding your Translocation magic.
Lugonu imbues your non-magical melee attacks with distortion.
Your Axes skill increases to level 21!
Your Armour skill increases to level 17!
Your Invocations skill gained 2 levels and is now at level 23!
You slice the bag of meat!!
Space warps horribly around the bag of meat!!
You chop the bag of meat into pieces.
You kill the bag of meat!
Lugonu accepts your kill.
Your Axes skill increases to level 22!
Your Throwing skill increases to level 8!
Your Armour skill increases to level 18!
Your Dodging skill increases to level 7!
Your Invocations skill increases to level 24!
You have reached level 16!
You feel clever.
You hear a shout! x12
The meat berserker hits you with a +9 battleaxe!!
You die...

.. .. o. .. #.
.# #.O ..#
.###.o ..###.
......###......
......§_☼......
#oO@..# #_.<§_#
#..oo.#
....._o....
......###......
.###.. ..###.
#.. ..# #.. ..#
.. ..


You could see a meat berserker (berserk) and 6 bags of meat.

Vanquished Creatures
  3 ogres (D)
  3 orcs (D)
6 creatures vanquished.

Notes
Turn   | Place    | Note
-------+----------+-------------------------------------------
     0 | D        | Found the +∞ Axe of Woe
     0 | D        | Freyura the Demonspawn Abyssal Knight began the quest for
                  | the Orb.
     0 | D        | Reached XP level 1. HP: 18/18 MP: 2/2
     0 | D        | Noticed a meat berserker
     2 | D        | Noticed a bag of meat
     3 | D        | Killed a meat berserker
     3 | D        | Reached skill level 23 in Fighting
     3 | D        | Reached skill level 15 in Invocations
     3 | D        | Gained mutation: You have sharp toenails. [demonic
                  | ancestry]
     3 | D        | Reached XP level 2. HP: 57/57 MP: 2/10
     3 | D        | Gained mutation: You have razor-sharp toenails. [demonic
                  | ancestry]
     3 | D        | Reached XP level 3. HP: 63/63 MP: 2/12
     3 | D        | Reached XP level 4. HP: 71/71 MP: 2/13
     3 | D        | Reached XP level 5. HP: 78/78 MP: 2/15
     3 | D        | Gained mutation: You are partially covered in molten
                  | scales. (AC +2) [demonic ancestry]
     3 | D        | Reached XP level 6. HP: 85/85 MP: 2/16
     3 | D        | Gained mutation: You have claws for feet. [demonic
                  | ancestry]
     3 | D        | Reached XP level 7. HP: 92/92 MP: 2/18
     3 | D        | Gained mutation: You are mostly covered in molten scales.
                  | (AC +3) [demonic ancestry]
     3 | D        | Reached XP level 8. HP: 100/100 MP: 2/19
     3 | D        | Gained mutation: You are immune to rotting. [demonic
                  | ancestry]
     3 | D        | Reached XP level 9. HP: 106/106 MP: 2/20
     3 | D        | Reached XP level 10. HP: 114/114 MP: 2/21
     3 | D        | Gained mutation: You may emit foul miasma when damaged in
                  | melee. [demonic ancestry]
     3 | D        | Reached XP level 11. HP: 121/121 MP: 2/22
     3 | D        | Reached XP level 12. HP: 128/128 MP: 2/23
     3 | D        | Gained mutation: You frequently emit foul miasma when
                  | damaged in melee. [demonic ancestry]
     3 | D        | Reached XP level 13. HP: 135/135 MP: 2/24
     3 | D        | Noticed a bag of meat
     3 | D        | Noticed a bag of meat
     3 | D        | Noticed a bag of meat
     3 | D        | Noticed a bag of meat
     5 | D        | Noticed a meat berserker
     6 | D        | Noticed a bag of meat
     7 | D        | Noticed a bag of meat
     8 | D        | Noticed a meat berserker
     8 | D        | Killed a bag of meat
     8 | D        | Reached ** piety under Lugonu
     8 | D        | Reached skill level 25 in Fighting
     8 | D        | Reached skill level 5 in Throwing
     8 | D        | Noticed a meat berserker
     9 | D        | Noticed a bag of meat
     9 | D        | Noticed a bag of meat
    10 | D        | Noticed a bag of meat
    10 | D        | Noticed a bag of meat
    11 | D        | HP: 7/140 [bag of meat/+9 war axe (43)]
    12 | D        | Killed a meat berserker
    12 | D        | Reached skill level 27 in Fighting
    12 | D        | Gained mutation: You are completely covered in molten
                  | scales. (AC +4, rF+) [demonic ancestry]
    12 | D        | Reached XP level 14. HP: 8/153 MP: 3/27
    12 | D        | Killed a meat berserker
    12 | D        | Reached XP level 15. HP: 9/159 MP: 3/29
    12 | D        | Reached *** piety under Lugonu
    12 | D        | Reached XP level 16. HP: 9/167 MP: 3/32
    12 | D        | Annihilated by a meat berserker

Skill      XL: |  1  2  3  4  5  6  7  8  9 10 11 12 13 14 15 |
---------------+----------------------------------------------+-----
Fighting       | 23 27 | 27.0
Axes           | 13 17 20 22 | 22.8
Throwing       | 4 5 7 8 |  8.1
Armour         | 11 14 16 18 | 18.7
Dodging        | 3 4 6 7 |  7.2
Invocations    | 15 19 21 24 | 24.1

Action                   |  1- 3 |  4- 6 |  7- 9 | 10-12 | 13-15 | 16-18 || total
-------------------------+-------+-------+-------+-------+-------+-------++-------
Melee: Executioner's axe |     1 |       |       |       |     2 |       ||     3
Dodge: Dodged            |     1 |       |       |       |     1 |       ||     2
